Map: Data-C

Players

soO

  • Race: Zerg Zerg
  • Spawn Location: 3:00

Harstem - Winner!

  • Race: Protoss Protoss
  • Spawn Location: 9:00

Event: DreamHack SC2 Masters 2022 Atlanta (Offline)

VOD

Have the link to the VOD?

Description

Time

  • Played on: Nov. 18, 2022, 1:29 p.m.
  • Length: 16:38

All games in this series

Show
View Real Time Build Order
Export as new Build Order

soO Zerg 

Build Orders: Hatch First, Lurkers, Swarm Host 

Get SALT Encoding   

  12  0:00  Drone  
  13  0:12  Overlord  
  13  0:16  Drone  
  14  0:30  Drone x2  
  16  0:48  Hatchery  
  15  0:51  Drone  
  15  0:55  Drone  
  17  0:58  Drone  
  18  1:09  Extractor  
  17  1:13  Spawning Pool  
  17  1:18  Drone  
  17  1:20  Drone  
  18  1:28  Drone  
  19  1:38  Drone  
  20  1:49  Drone  
  21  2:00  Zergling x2, Queen  
  24  2:04  Zergling x2, Queen  
  27  2:10  Overlord  
  27  2:12  Drone  
  27  2:14  Metabolic Boost  
  28  2:28  Drone  
  30  2:30  Drone  
  30  2:34  Drone x2  
  32  2:39  Hatchery  
  31  2:46  Queen  
  33  2:51  Overlord  
  33  2:53  Drone  
  33  2:56  Drone  
  35  3:01  Overlord  
  35  3:04  Drone  
  36  3:09  Queen  
  36  3:10  Drone  
  39  3:13  Drone  
  39  3:14  Drone  
  39  3:17  Drone  
  42  3:21  Queen  
  42  3:24  Drone  
  42  3:26  Drone  
  46  3:31  Drone x2  
  48  3:38  Drone x3, Overlord  
  51  3:41  Drone  
  52  3:51  Overlord  
  52  3:53  Queen  
  52  3:54  Drone  
  55  3:55  Spore Crawler  
  55  3:58  Zergling x6  
  55  4:01  Spore Crawler  
  56  4:05  Drone x2  
  56  4:06  Drone  
  56  4:09  Spore Crawler  
  58  4:12  Drone  
  58  4:13  Drone x2  
  58  4:15  Drone  
  63  4:17  Drone  
  63  4:19  Spore Crawler  
  63  4:21  Drone  
  64  4:27  Drone x3, Overlord  
  67  4:32  Lair  
  67  4:33  Extractor  
  67  4:34  Extractor  
  65  4:38  Roach Warren  
  65  4:39  Drone x2  
  65  4:40  Drone  
  65  4:42  Drone  
  65  4:44  Drone x2  
  70  4:46  Extractor  
  70  4:47  Drone  
  70  4:49  Drone  
  71  4:55  Evolution Chamber  
  71  4:56  Drone  
  71  4:58  Drone x2  
  73  5:01  Drone x3  
  73  5:05  Zergling x6  
  78  5:07  Drone  
  78  5:10  Drone  
  78  5:11  Drone  
  78  5:12  Overlord  
  78  5:13  Overlord  
  81  5:16  Overlord  
  81  5:21  Zerg Missile Weapons Level 1  
  81  5:24  Extractor  
  81  5:25  Extractor  
  81  5:26  Overlord  
  79  5:30  Overlord  
  79  5:31  Glial Reconstitution, Drone  
  79  5:33  Infestation Pit, Drone x3  
  82  5:40  Drone x2  
  82  5:41  Drone x2  
  86  5:58  Hatchery  
  86  6:02  Overlord  
  86  6:03  Drone  
  86  6:11  Roach x2  
  86  6:12  Roach x3  
  86  6:13  Roach  
  86  6:14  Roach x3  
  86  6:15  Overlord  
  86  6:16  Overseer  
  119  6:25  Roach x8  
  119  6:27  Overlord  
  119  6:29  Overlord  
  119  6:47  Swarm Host x4  
  119  6:48  Swarm Host  
  119  6:51  Overlord  
  119  6:52  Swarm Host  
  137  6:57  Swarm Host  
  137  6:58  Swarm Host x2  
  146  7:06  Roach  
  146  7:07  Swarm Host x2  
  152  7:13  Swarm Host x4  
  162  7:16  Ravager x2  
  162  7:17  Zergling x8  
  162  7:18  Overlord  
  168  7:27  Swarm Host  
  168  7:29  Overlord  
  167  7:35  Ravager x4  
  167  7:38  Roach  
  167  7:39  Zergling x8, Roach  
  167  7:42  Extractor  
  174  7:47  Queen, Overlord  
  174  7:48  Ravager  
  174  7:49  Roach x3  
  169  8:05  Zergling x2, Roach x12  
  190  8:06  Zergling x2  
  188  8:18  Overlord  
  188  8:19  Overlord  
  188  8:21  Zerg Missile Weapons Level 2  
  188  8:25  Hydralisk Den  
  187  8:34  Overlord  
  187  8:35  Overlord  
  187  8:42  Drone x3, Hive  
  187  8:43  Drone x2  
  187  8:48  Zergling x2, Roach x6  
  196  9:02  Grooved Spines  
  194  9:03  Lurker Den  
  194  9:04  Queen  
  191  9:18  Hydralisk x4  
  199  9:29  Hydralisk x2  
  199  9:30  Zergling x26  
  200  9:42  Overseer  
  199  9:47  Spine Crawler  
  199  9:48  Spine Crawler  
  197  10:00  Overseer  
  197  10:01  Seismic Spines  
  185  10:17  Drone x2  
  185  10:18  Drone x2  
  185  10:20  Lurker x5  
  172  10:36  Roach x7  
  172  10:37  Roach x7  
  172  10:40  Lurker  
  199  10:47  Overlord  
  199  10:57  Roach x5  
  200  10:58  Adaptive Talons  
  198  11:07  Roach x6  
  199  11:11  Roach x2  
  199  11:16  Roach  
  199  11:17  Roach x5  
  200  11:21  Roach x4  
  175  11:27  Hydralisk x2  
  175  11:28  Hydralisk x7  
  193  11:37  Viper  
  194  11:46  Hydralisk  
  192  11:49  Overlord  
  192  11:52  Overlord  
  175  11:55  Hydralisk  
  175  11:56  Hydralisk, Roach  
  175  11:57  Roach x2  
  175  11:59  Hydralisk x2  
  166  12:02  Hydralisk x2  
  166  12:06  Hydralisk x3  
  162  12:14  Zergling x14  
  162  12:15  Lurker  
  170  12:21  Roach x3  
  176  12:29  Lurker x2  
  178  12:35  Hydralisk x2  
  178  12:36  Zergling x4, Hydralisk  
  186  12:39  Queen  
  186  12:40  Queen  
  190  12:51  Lurker x2  
  183  12:55  Drone x2  
  183  12:56  Drone x5  
  190  12:59  Muscular Augments  
  190  13:14  Hatchery  
  190  13:16  Hydralisk x4  
  190  13:17  Zergling x2  
  178  13:27  Hydralisk x5  
  178  13:28  Hydralisk  
  178  13:30  Hydralisk x2  
  178  13:31  Hydralisk  
  184  13:40  Overlord  
  178  13:50  Viper  
  178  13:52  Overlord  
  178  13:55  Pneumatized Carapace  
  175  13:58  Lurker x2  
  175  13:59  Lurker  
  175  14:00  Zergling x22  
  189  14:05  Hydralisk x3  
  172  14:37  Hydralisk x12  
  181  14:51  Hydralisk x6  
  190  14:58  Hydralisk x2  
  170  15:31  Viper  
  170  15:32  Viper x2  
  167  15:38  Hydralisk  
  167  15:39  Hydralisk x3  
  149  15:47  Hydralisk x3  
  149  15:48  Zergling x28  
  141  16:10  Hydralisk x7  
  141  16:11  Zergling x2  
  152  16:21  Lurker  
  152  16:24  Lurker  
Show
View Real Time Build Order
Export as new Build Order

Harstem Protoss - Winner!

Build Orders: 1 Gate Expand, Oracle Opening, Carriers, Zealot Archon 

Get SALT Encoding   

  12  0:00  Probe  
  13  0:12  Probe  
  14  0:17  Pylon  
  14  0:24  Probe (Chrono Boost)  
  15  0:36  Probe (Chrono Boost)  
  15  0:38  Gateway  
  16  0:45  Probe (Chrono Boost)  
  16  0:47  Assimilator  
  17  0:51  Probe  
  18  1:03  Probe  
  19  1:15  Probe  
  20  1:25  Nexus  
  20  1:35  Cybernetics Core  
  20  1:38  Probe  
  21  1:47  Assimilator  
  21  1:50  Probe  
  22  1:54  Pylon  
  22  2:02  Probe (Chrono Boost)  
  23  2:09  Adept (Chrono Boost)  
  23  2:14  Probe (Chrono Boost)  
  26  2:17  Stargate  
  27  2:23  Probe (Chrono Boost)  
  27  2:27  Warp Gate  
  27  2:29  Probe  
  27  2:32  Adept  
  30  2:38  Probe  
  30  2:41  Probe  
  32  2:50  Probe  
  33  2:53  Probe  
  34  2:59  Oracle (Chrono Boost)  
  34  3:02  Probe  
  34  3:05  Probe  
  39  3:12  Pylon  
  39  3:15  Probe  
  39  3:17  Probe  
  41  3:26  Oracle (Chrono Boost)  
  41  3:27  Probe  
  41  3:29  Probe  
  46  3:35  Nexus  
  46  3:40  Pylon  
  46  3:42  Probe (Chrono Boost)  
  46  3:43  Probe (Chrono Boost)  
  48  3:52  Assimilator  
  48  3:55  Probe (Chrono Boost)  
  50  3:56  Assimilator  
  50  4:00  Probe (Chrono Boost)  
  50  4:03  Probe (Chrono Boost)  
  50  4:07  Probe (Chrono Boost), Forge  
  50  4:09  Twilight Council, Probe  
  52  4:15  Adept  
  55  4:21  Probe (Chrono Boost)  
  55  4:23  Probe (Chrono Boost)  
  57  4:26  Gateway  
  57  4:31  Probe (Chrono Boost)  
  59  4:33  Probe (Chrono Boost)  
  59  4:36  Probe  
  60  4:39  Shield Battery  
  60  4:41  Charge  
  60  4:45  Probe (Chrono Boost)  
  61  4:47  Protoss Ground Weapons Level 1 (Chrono Boost), Probe (Chrono Boost)  
  61  4:48  Probe (Chrono Boost)  
  61  4:50  Sentry  
  65  4:54  Gateway  
  65  4:56  Gateway  
  65  4:58  Probe x2 (Chrono Boost)  
  65  4:59  Probe (Chrono Boost)  
  68  5:02  Probe (Chrono Boost)  
  68  5:04  Probe  
  71  5:07  Probe (Chrono Boost)  
  71  5:13  Robotics Facility  
  71  5:14  Probe (Chrono Boost)  
  72  5:18  Templar Archives  
  72  5:20  Assimilator  
  74  5:21  Probe (Chrono Boost)  
  74  5:23  Zealot  
  74  5:25  Probe x2 (Chrono Boost), Assimilator  
  77  5:32  Pylon  
  77  5:33  Pylon  
  77  5:37  Pylon  
  77  5:50  Probe x3, Pylon  
  77  5:56  High Templar x3  
  86  5:57  High Templar  
  86  6:00  Gateway  
  86  6:01  Gateway  
  86  6:02  Probe x2  
  86  6:03  Gateway  
  90  6:04  Gateway  
  90  6:06  Archon x2  
  90  6:07  Immortal  
  94  6:11  Pylon  
  94  6:12  Robotics Bay  
  94  6:15  Phoenix, Probe  
  95  6:19  Probe  
  95  6:20  Pylon  
  95  6:22  Probe  
  97  6:25  Shield Battery  
  97  6:28  Probe  
  97  6:29  High Templar x2, Pylon  
  97  6:30  Zealot, Pylon  
  104  6:41  Probe  
  104  6:44  Zealot, Archon  
  104  6:45  Probe  
  108  6:48  Pylon  
  108  6:50  Probe  
  108  6:51  Zealot  
  108  6:52  Pylon  
  111  6:59  Disruptor (Chrono Boost), Shield Battery  
  111  7:00  High Templar x2  
  115  7:01  Zealot, Photon Cannon  
  115  7:04  Pylon  
  115  7:06  Archon  
  124  7:09  Zealot x2  
  124  7:10  Void Ray (Chrono Boost)  
  128  7:21  Zealot x2  
  132  7:26  Disruptor (Chrono Boost)  
  131  7:35  Probe  
  132  7:37  Stalker, Pylon  
  132  7:39  High Templar x2  
  132  7:40  Zealot x3  
  144  7:45  Probe  
  144  7:46  Protoss Ground Weapons Level 2  
  145  7:52  Archon, Pylon  
  139  7:59  Zealot x2  
  139  8:04  Zealot  
  139  8:05  Disruptor (Chrono Boost), Zealot x3  
  144  8:17  Zealot x2  
  144  8:18  Probe  
  149  8:21  Zealot x2, Gateway  
  149  8:22  Nexus  
  149  8:23  Gateway  
  149  8:25  Zealot x4  
  161  8:27  Pylon  
  161  8:37  Shield Battery  
  161  8:40  High Templar x2, Pylon  
  163  8:41  Shield Battery  
  163  8:47  Archon  
  156  8:53  Zealot x6  
  158  9:00  Disruptor (Chrono Boost)  
  162  9:10  Probe  
  162  9:12  High Templar x2  
  162  9:14  Robotics Facility  
  162  9:16  Zealot x7  
  162  9:17  Archon  
  168  9:24  Observer  
  167  9:31  Probe  
  167  9:33  Probe  
  167  9:37  Fleet Beacon  
  166  9:39  Zealot x3  
  166  9:40  Zealot x3  
  166  9:45  Zealot x2  
  180  9:48  Disruptor (Chrono Boost)  
  180  9:51  Probe  
  180  9:52  Probe  
  177  10:05  High Templar x4  
  177  10:06  Nexus, Stargate  
  185  10:10  Archon x2  
  185  10:19  Zealot x6  
  189  10:37  Assimilator  
  189  10:40  Assimilator, High Templar x4  
  195  10:46  Archon x2  
  195  10:55  Zealot x6  
  182  11:11  Nexus  
  182  11:16  Carrier (Chrono Boost)  
  176  11:26  Zealot x9  
  176  11:32  Carrier (Chrono Boost)  
  189  11:41  Protoss Air Weapons Level 1 (Chrono Boost)  
  189  11:45  Protoss Ground Weapons Level 3  
  177  11:54  Zealot  
  177  11:55  Zealot x6  
  169  12:10  Zealot  
  169  12:11  Zealot x2  
  169  12:13  Carrier (Chrono Boost)  
  169  12:14  Observer (Chrono Boost)  
  182  12:42  Psionic Storm  
  178  12:49  Carrier (Chrono Boost)  
  168  12:56  Photon Cannon, High Templar x4  
  182  12:58  Photon Cannon  
  182  13:03  Assimilator  
  182  13:10  Carrier (Chrono Boost)  
  161  13:42  Probe  
  161  13:43  Carrier (Chrono Boost), Stargate  
  161  13:44  Photon Cannon  
  161  13:45  Probe  
  161  13:46  Photon Cannon x2  
  161  13:47  Photon Cannon  
  169  13:50  Photon Cannon  
  169  13:53  Shield Battery, Photon Cannon  
  169  14:04  Probe  
  169  14:05  Probe x2  
  169  14:06  Probe  
  173  14:10  Carrier (Chrono Boost), High Templar x3  
  173  14:14  Protoss Air Weapons Level 2 (Chrono Boost)  
  181  14:36  Zealot x7  
  181  14:38  Carrier (Chrono Boost)  
  193  14:49  Zealot x3  
  199  14:59  High Templar  
  197  15:01  High Templar  
  197  15:16  High Templar  
  174  15:39  Zealot x9  
  193  15:57  Zealot  
  195  16:15  High Templar  
  195  16:16  High Templar  
  199  16:32  Nexus  
Tags
 
Add a new tag
Caveats
  • Supply blocks, unpowered buildings, or Contaminate may cause inaccurate times.
  • Supply counts are checked every 10 seconds.